 Dungeon Crawl Stone Soup version 0.28.0-53-g5a82cb258f (webtiles) character file.

Game seed: 8513940253923607758

62 cbfl8 the Sneak (level 4, -2/41 HPs)
             Began as a Hill Orc Delver on July 17, 2022.
             Slain by a gnoll
             ... wielding a +0 halberd
              (4 damage)
             ... on level 2 of the Dungeon.
             The game lasted 00:03:34 (2400 turns).

cbfl8 the Sneak (Hill Orc Delver)                   Turns: 2400, Time: 00:03:35

Health: -2/41      AC:  5    Str: 16    XL:     4   Next: 8%
Magic:  4/4        EV: 11    Int: 10    God:
Gold:   20         SH:  0    Dex: 12    Spells: 3/3 levels left

rFire   . . .      SeeInvis .   e - +0 battleaxe
rCold   . . .      Faith    .   (shield currently unavailable)
rNeg    . . .      Spirit   .   l - +0 ring mail
rPois   .          Reflect  .   (no helmet)
rElec   .          Harm     .   (no cloak)
rCorr   .          Rampage  .   (no gloves)
Will    .....                   (no boots)
Stlth   ++........              (no amulet)
HPRegen 0.13/turn               (no ring)
MPRegen 0.09/turn               (no ring)

@: no status effects
A: no striking features
a: no special abilities


You were on level 2 of the Dungeon.
You visited 1 branch of the dungeon, and saw 4 of its levels.

You collected 20 gold pieces.

Inventory:

Hand Weapons
 a - a +0 hand axe
 e - a +0 battleaxe (weapon)
Armour
 b - a +0 leather armour
 l - a +0 ring mail (worn)
Wands
 g - a wand of digging (3)
Scrolls
 c - a scroll of fog
 d - 2 scrolls of magic mapping
 h - a scroll of teleportation {unknown}
 i - a scroll of summoning {unknown}
 k - a scroll of amnesia {unknown}
Potions
 f - a potion of haste
 j - a potion of curing {unknown}


   Skills:
 + Level 4.3 Fighting
 + Level 3.4 Axes
 + Level 1.6 Armour
 + Level 1.9 Dodging
 + Level 4.3 Stealth


You had 3 spell levels left.
You didn't know any spells.
Your spell library was empty.

Dungeon Overview and Level Annotations

Branches:
Dungeon (5/15)
 Temple: D:4-7

Altars:

Annotations:
D:4 Eustachio


Message History

A ball python is nearby!
You slash the ball python!
You kill the ball python!
You see here a ball python corpse. 3 gnolls and a kobold come into view.
The gnoll shouts!
The kobold shouts!
The gnoll shouts!
The gnoll shouts!
The gnoll hits you from afar with a +0 halberd!
There are monsters nearby!
You barely miss the gnoll. The gnoll closely misses you.
The gnoll hits you from afar with a +0 halberd.
The gnoll closely misses you. The gnoll hits you with a +0 club.
There are monsters nearby!
You are too injured to fight recklessly!
There are monsters nearby!
You are too injured to fight recklessly!
There are monsters nearby!
You slash the kobold!
You kill the kobold!
You slash the gnoll!
You kill the gnoll!
You hit the gnoll.
The gnoll hits you from afar with a +0 halberd.
The gnoll barely misses you. x2
You barely miss the gnoll.
The gnoll is moderately wounded.
The gnoll closely misses you.
The gnoll hits you from afar with a +0 halberd.
* * * LOW HITPOINT WARNING * * *
The gnoll completely misses you.
You slash the gnoll!
You kill the gnoll!
The gnoll barely misses you.
The gnoll hits you from afar with a +0 halberd!
* * * LOW HITPOINT WARNING * * *
You have reached level 4!
You see here a +0 club.
The gnoll completely misses you.
The gnoll hits you from afar with a +0 halberd.
You die...

#.....# #.....#
#.....##.## #.).......
#######.)# #......).#
#g#####........ ###
###.#####..##.#.. ..#
#.@....##..# .. #. #.#
#.#†##.##... .# #. #.#
#<..##.##.... # #.
#.####<........####
#.######..............#
#.#.......###...#####.#
#.#.#####.####.####
#......##.#.......#
#...>..##......##.#


You could see a gnoll.

Vanquished Creatures
  An adder (D:2)
  2 gnolls (D:2)
  A worm (D:3)
  7 orcs
  3 ball pythons
  2 endoplasms (D:4)
  A giant cockroach (D:4)
  A goblin (D:3)
  A hobgoblin (D:3)
  A quokka (D:4)
  2 kobolds
  2 rats
24 creatures vanquished.

Notes
Turn   | Place    | Note
-------+----------+-------------------------------------------
     0 | D:5      | cbfl8 the Hill Orc Delver began the quest for the Orb.
     0 | D:5      | Reached XP level 1. HP: 19/19 MP: 1/1
   525 | D:4      | Reached XP level 2. HP: 7/27 MP: 2/2
   757 | D:4      | Noticed a howler monkey
   815 | D:3      | Identified the +9 war axe of Momeuwi {holy, +Blink rC+
                  | Will- Str+5}
  1500 | D:4      | Noticed Eustachio
  1506 | D:3      | Reached XP level 3. HP: 26/33 MP: 3/3
  1693 | D:3      | Reached skill level 1 in Armour
  2389 | D:2      | HP: 1/33 [gnoll/+0 halberd (9)]
  2390 | D:2      | Reached XP level 4. HP: 1/41 MP: 4/4
  2400 | D:2      | Slain by a gnoll

Illustrated notes

Levels and vault maps discovered:
D:2:      layout_loops_cross, basic_altar,
          hellmonk_ecumenical_altar_watching_god
D:3:      layout_loops_ring, minmay_crystal_water
D:4:      layout_basic, grunt_ministairs_9, uniq_eustachio
D:5:      layout_loops_cross, minmay_temple_entry_junction

Skill      XL: |  1  2  3 |
---------------+----------+-----
Fighting       | 4 |  4.3
Axes           | 3 |  3.4
Armour         | 1 |  1.6
Dodging        | |  1.9
Stealth        | |  4.3

Action                   |  1- 3 |  4- 6 || total
-------------------------+-------+-------++-------
Melee: Hand axe          |    57 |       ||    57
       Punch             |     1 |       ||     1
       Battleaxe         |    19 |       ||    19
  Use: Scroll            |     1 |       ||     1
 Stab: Sleeping          |     3 |       ||     3
Armor: Leather armour    |     3 |       ||     3
       Ring mail         |    14 |       ||    14
Dodge: Dodged            |    54 |     1 ||    55
